 Dungeon Crawl Stone Soup version 0.27-a0-1434-g6f15984924 (webtiles) character file.

Game seed: 13410803628846809305

742 ipx the Conjurer (level 7, 0/36 HPs)
             Began as a Deep Elf Fire Elementalist on July 3, 2021.
             Was an Initiate of Sif Muna.
             Slain by a sky beast (6 damage)
             ... on level 6 of the Dungeon.
             The game lasted 00:30:54 (2154 turns).

ipx the Conjurer (Deep Elf Fire Elementalist)       Turns: 2154, Time: 00:30:55

Health: 0/36       AC:  2    Str: 11    XL:     7   Next: 47%
Magic:  1/15       EV: 12    Int: 22    God:    Sif Muna [......]
Gold:   42         SH:  0    Dex: 15    Spells: 3/14 levels left

rFire    . . .     SeeInvis .   a - +2 mace (vorpal)
rCold    . . .     Faith    .   (no shield)
rNeg     . . .     Spirit   .   g - +0 robe
rPois    .         Reflect  .   (no helmet)
rElec    .         Harm     .   (no cloak)
rCorr    .         Rampage  .   (no gloves)
Will     .....                  (no boots)
Stlth    ++........             (no amulet)
HPRegen  0.12/turn              S - +6 ring of strength
MPRegen  0.14/turn              (no ring)

@: no status effects
A: no striking features
a: Renounce Religion


You were on level 6 of the Dungeon.
You worshipped Sif Muna.
Sif Muna was noncommittal.
You visited 1 branch of the dungeon, and saw 6 of its levels.

You collected 177 gold pieces.
You spent 135 gold pieces at shops.

Inventory:

Hand Weapons
 a - a +2 vorpal mace (weapon)
Armour
 g - a +0 robe (worn)
Magical Staves
 l - a staff of cold
Jewellery
 e - a ring of positive energy
 S - a +6 ring of strength (left hand)
Scrolls
 b - a scroll of brand weapon {unknown}
 f - a scroll of immolation {unknown}
 j - 3 scrolls of teleportation
 k - a scroll of vulnerability {unknown}
 o - a scroll of enchant armour {unknown}
 q - 2 scrolls of fear
 r - a scroll of amnesia {unknown}
 s - a scroll of acquirement {unknown}
Potions
 d - a potion of flight
 h - 2 potions of might
 i - 2 potions of haste
 n - a potion of lignification {unknown}
 p - a potion of mutation {unknown}


   Skills:
 - Level 2.4 Dodging
 - Level 3.0 Stealth
 + Level 4.0 Spellcasting
 * Level 7.1 Conjurations
 + Level 4.1 Fire Magic
 - Level 4.0 Earth Magic


You had 3 spell levels left.
You knew the following spells:

 Your Spells              Type           Power      Damage    Failure   Level
c - Conjure Flame         Conj/Fire      29%        6-21      3%          3
s - Stone Arrow           Conj/Erth      56%        3d10      3%          3
t - Sticky Flame          Conj/Fire      29%        2d5       11%         4
x - Foxfire               Conj/Fire      100%       2x1d9     1%          1

Your spell library contained the following spells:

 Spells                   Type           Power      Damage    Failure   Level
 Pain                     Necr           16%        1d4       11%         1
 Inner Flame              Hex/Fire       13%        N/A       14%         3
 Call Canine Familiar     Summ           4%         N/A       32%         3
 Ozocubu's Armour         Ice            4%         N/A       32%         3
 Portal Projectile        Hex/Tloc       8%         N/A       32%         3
 Fireball                 Conj/Fire      14%        3d8       30%         5
 Animate Armour           Summ/Erth      26%        N/A       43%         4
 Leda's Liquefaction      Hex/Erth       6%         N/A       43%         4
 Agony                    Necr           4%         N/A       97%         5
 Excruciating Wounds      Necr           2%         N/A       97%         5
 Metabolic Englaciation   Hex/Ice        2%         N/A       97%         5
 Simulacrum               Ice/Necr       2%         N/A       100%        6
 Lehudib's Crystal Spear  Conj/Erth      14%        10d5      100%        8


Dungeon Overview and Level Annotations

Branches:
Dungeon (6/15)
 Temple: D:4-7

Altars:
Okawaru
Sif Muna

Shops:
D:4 ?   D:5 [*


Message History

Confirm with . or Enter, or press ? or * to list all spells.
You can't see any susceptible monsters within range! (Use Z to cast anyway.)
Casting: Foxfire (safe; 1% risk of failure)
Confirm with . or Enter, or press ? or * to list all spells.
The spell is quite dangerous to cast (11% risk of failure)!
Continue anyway?
Aiming: Sticky Flame (quite dangerous; 11% risk of failure)
Press: ? - help, Shift-Dir - straight line The sticky flame hits something.
The sky beast is covered in liquid flames!
The sky beast burns!
The sky beast completely misses you.
The sky beast burns!
The sky beast burns!
The sky beast burns!
The sky beast burns!
Something hits you. Something shocks you.
You see here 13 gold pieces.
Okay, then.
You feel much better. Something hits you. Something shocks you.
Something hits you. Something shocks you.
Casting: Sticky Flame (quite dangerous; 11% risk of failure)
Confirm with . or Enter, or press ? or * to list all spells.
You conjure some foxfire!
Something hits you. Something shocks you.
The foxfire hits something. x2
Casting: Foxfire (safe; 1% risk of failure)
Confirm with . or Enter, or press ? or * to list all spells.
You conjure some foxfire!
Something hits you but does no damage.
The foxfire hits something.
The foxfire hits something but does no damage.
Something hits you.
* * * LOW HITPOINT WARNING * * *
Something shocks you.
* * * LOW HITPOINT WARNING * * *
A sky beast appears from thin air!
Reactivating autopickup.
You feel better.
The sky beast flickers out of sight!
Deactivating autopickup; reactivate with Ctrl-A.
Something hits you.
* * * LOW HITPOINT WARNING * * *
Something shocks you.
You die...

###.### #########
#...###..$....#
###..##.......#
### ##.........[#
#..##...#.......#
#...............#
#.............ยง.#
#....$.....<.{..#
#............@..#
#...............#
#.......###.#####
#####.......#
###..#.## ##...
... ##..# ...


There were no monsters in sight!

Vanquished Creatures
  2 water moccasins (D:5)
  A phantom (D:4)
  A water moccasin zombie (D:6)
  2 bullfrog zombies
  A hound (D:3)
  3 jellies
  An iguana (D:5)
  A hound zombie (D:5)
  A gnoll (D:1)
  4 adders (D:3)
  5 river rats (D:4)
  An adder skeleton (D:4)
  2 worms
  2 dart slugs
  6 orcs
  5 ball pythons
  2 endoplasms
  3 giant cockroaches
  A goblin (D:2)
  5 hobgoblins
  5 jackals
  A quokka (D:1)
  4 bats
  3 frilled lizards
  5 kobolds
  20 rats
87 creatures vanquished.

Vanquished Creatures (collateral kills)
  A foxfire (D:3)
1 creature vanquished.

Vanquished Creatures (others)
  216 foxfires
  A withered plant (D:3)
217 creatures vanquished.

Grand Total: 305 creatures vanquished

Notes
Turn   | Place    | Note
-------+----------+-------------------------------------------
     0 | D:1      | ipx the Deep Elf Fire Elementalist began the quest for the
                  | Orb.
     0 | D:1      | Reached XP level 1. HP: 10/10 MP: 6/6
   105 | D:1      | Reached skill level 2 in Conjurations
   115 | D:1      | Reached XP level 2. HP: 15/15 MP: 1/8
   397 | D:2      | Reached XP level 3. HP: 19/19 MP: 3/9
   401 | D:2      | Learned a level 3 spell: Stone Arrow
   485 | D:2      | Found an iron altar of Okawaru.
   565 | D:3      | Reached skill level 3 in Conjurations
   650 | D:3      | Found a faded altar of an unknown god.
   658 | D:3      | Reached XP level 4. HP: 24/24 MP: 5/10
   663 | D:3      | Learned a level 4 spell: Sticky Flame
   734 | D:3      | Reached skill level 1 in Earth Magic
   797 | D:3      | Reached skill level 4 in Conjurations
   797 | D:3      | Reached XP level 5. HP: 5/28 MP: 5/11
   898 | D:4      | Noticed a phantom
   906 | D:4      | Killed a phantom
   907 | D:4      | Reached skill level 5 in Conjurations
   907 | D:4      | Reached XP level 6. HP: 19/32 MP: 6/12
  1000 | D:4      | Found Ijocuh's Magic Scroll Emporium.
  1003 | D:4      | Bought a scroll of teleportation for 30 gold pieces
  1003 | D:4      | Bought a scroll of teleportation for 30 gold pieces
  1322 | D:4      | Found an iron altar of Okawaru.
  1394 | D:5      | Entered Level 5 of the Dungeon
  1407 | D:5      | Noticed a water moccasin
  1414 | D:5      | Noticed a water moccasin
  1429 | D:5      | Killed a water moccasin
  1430 | D:5      | Reached skill level 6 in Conjurations
  1496 | D:4      | Bought a scroll of fear for 35 gold pieces
  1496 | D:4      | Bought a scroll of identify for 20 gold pieces
  1496 | D:4      | Bought a scroll of identify for 20 gold pieces
  1726 | D:5      | Learned a level 3 spell: Conjure Flame
  1750 | D:5      | Found Kaeharum's General Store.
  1817 | D:5      | Reached XP level 7. HP: 36/36 MP: 6/13
  1954 | D:5      | Found a shimmering blue altar of Sif Muna.
  1957 | D:5      | Became a worshipper of Sif Muna the Loreminder
  2058 | D:5      | Found Ohyprero's Armour Shop.
  2109 | D:6      | Reached skill level 7 in Conjurations
  2151 | D:6      | HP: 1/36 [something (6)]
  2154 | D:6      | Slain by a sky beast

Illustrated notes

Levels and vault maps discovered:
D:1:      dpeg_arrival_round_c, layout_rooms, chequers_jeans
D:2:      minmay_roachtagon, layout_basic, basic_altar
D:3:      layout_rooms, shapermc_ecumenical_altar_gd, serial_shops, shop_statue
D:4:      layout_gridville, kennysheep_little_box, serial_shops, shop,
          dk_rats_in_the_wall
D:5:      layout_loops_ring, lemuel_blue_sif_altar, serial_shops, shop,
          shop_fountains, shop
D:6:      layout_rooms, lemuel_tele_altar, grunt_gozag_statues, nicolae_sextant

Skill      XL: |  1  2  3  4  5  6  7 |
---------------+----------------------+-----
Conjurations   | 2 3 4 5 6 7 |  7.1
Stealth        | 3 |  3.0
Fire Magic     | 4 |  4.1
Earth Magic    | 2 3 4 |  4.0
Spellcasting   | 4 |  4.0
Dodging        | |  2.4

Action                   |  1- 3 |  4- 6 |  7- 9 || total
-------------------------+-------+-------+-------++-------
Melee: Mace              |       |    16 |     2 ||    18
 Cast: Foxfire           |    53 |    63 |    11 ||   127
       Stone Arrow       |       |     4 |     8 ||    12
       Sticky Flame      |       |     3 |     1 ||     4
  Use: Scroll            |       |     4 |       ||     4
       Potion            |       |     2 |     2 ||     4
Armor: Robe              |       |     6 |     3 ||     9
Dodge: Dodged            |     1 |    13 |     5 ||    19

Table legend: (Time is in decaauts)
 A = Elapsed time spent in this place.
 B = Non-inter-level travel time spent in this place.
 C = Inter-level travel time spent in this place.
 D = Time resting spent in this place.
 E = Time spent auto-exploring this place.
 F = Levels seen in this place.
 G = Mean time per level.
                   A        B        C        D        E       F      G
               +--------+--------+--------+--------+--------+-----+--------+
         Total |   2193 |   2145 |     48 |      0 |      0 |   6 |  365.5 |
       Dungeon |   2193 |   2145 |     48 |      0 |      0 |   6 |  365.5 |
               +--------+--------+--------+--------+--------+-----+--------+

Top non-repeatable levels by time:
     D:4: 679 daAuts
     D:5: 503 daAuts
     D:3: 422 daAuts
     D:1: 293 daAuts
     D:2: 244 daAuts
     D:6: 50 daAuts
